 Dungeon Crawl Stone Soup version 0.25-a0-156-g0c4bda3fdf (webtiles) character file.

Game seed: 11078542405603353231, levelgen mode: deterministic

89 Esekla the Skirmisher (level 4, -2/38 HPs)
             Began as a Demonspawn Wanderer on Nov 20, 2019.
             Slain by a gnoll
             ... wielding a +0 spear
              (5 damage)
             ... on level 3 of the Dungeon.
             The game lasted 00:09:41 (2110 turns).

Esekla the Skirmisher (Demonspawn Wanderer)         Turns: 2110, Time: 00:09:41

Health: -2/38      AC:  3    Str: 10    XL:     4   Next: 31%
Magic:  4/4        EV: 14    Int: 15    God:
Gold:   112        SH:  0    Dex: 14    Spells: 3/3 levels left

rFire    . . .     SeeInvis .   a - +2 falchion
rCold    . . .     Gourm    .   (no shield)
rNeg     . . .     Faith    .   c - +0 robe
rPois    .         Spirit   .   (helmet restricted)
rElec    .         Reflect  .   (no cloak)
rCorr    .         Harm     .   j - +0 pair of gloves
MR       .....                  (no boots)
Stlth    +++.......             (no amulet)
HPRegen  0.12/turn              e - ring of stealth
MPRegen  0.09/turn              (no ring)

@: no status effects
A: horns 1, repulsion field 1
a: no special abilities


You were on level 3 of the Dungeon.
You were very hungry.

You visited 1 branch of the dungeon, and saw 3 of its levels.

You collected 112 gold pieces.

Inventory:

Hand Weapons
 a - a +2 falchion (weapon)
 d - a +0 dagger
Missiles
 n - 15 poisoned darts (quivered)
Armour
 c - a +0 robe (worn)
 i - a cursed +0 leather armour
 j - a +0 pair of gloves (worn)
Jewellery
 e - a ring of stealth (left hand)
Scrolls
 h - 2 scrolls of immolation {unknown}
 k - a scroll of teleportation {unknown}
 o - a scroll of enchant weapon {unknown}
 q - a scroll of enchant armour {unknown}
 r - a scroll of identify {unknown}
 s - 2 scrolls of remove curse {unknown}
 t - a scroll of magic mapping {unknown}
Potions
 b - 3 potions of lignification
 g - a potion of curing {unknown}
 l - a potion of magic {unknown}
 m - a potion of agility {unknown}
 p - a potion of flight {unknown}
Comestibles
 f - 3 rations


   Skills:
 + Level 4.3 Fighting
 + Level 1.0(1.9) Short Blades
 * Level 2.6(2.7) Long Blades
 + Level 1.6 Dodging
 + Level 3.3 Stealth


You had 3 spell levels left.
You didn't know any spells.
Your spell library was empty.

Dungeon Overview and Level Annotations

Branches:
Dungeon (3/15)

Altars:
Okawaru


Innate Abilities, Weirdness & Mutations

You have a pair of small horns on your head.
You are surrounded by a mild repulsion field. (EV +2)


Message History

You hit the gnoll. You headbutt the gnoll.
The gnoll is heavily wounded.
The gnoll hits you with a +0 spear. The gnoll barely misses you.
You hit the gnoll. Your headbutt misses the gnoll.
The gnoll is severely wounded.
The gnoll hits you with a +0 spear. The gnoll hits you!
* * * LOW HITPOINT WARNING * * *
The gnoll hits you with a +0 spear.
* * * LOW HITPOINT WARNING * * *
You barely miss the gnoll.
The gnoll is severely wounded.
The gnoll misses you.
You riposte.
You slash the gnoll!
The gnoll is almost dead.
The gnoll barely misses you.
You hit the gnoll.
The gnoll is almost dead.
The gnoll hits you.
* * * LOW HITPOINT WARNING * * *
The gnoll hits you with a +0 spear.
You die...

############# .
#...........##### ..
#...............# ...
#....†....#.#.#.## ....
#...........g....#.....
#.........#.#@#........
....###......g..)##...
......)..#..#.#.#.#
.g.......##.......#
.........##......##
#.#..###..###.# #.##.
##.# #.# .% #.###.#
#.###...#.#


You could see 2 gnolls.

Vanquished Creatures
  2 adders (D:2)
  An ooze (D:1)
  3 dart slugs
  2 leopard geckos (D:1)
  5 giant cockroaches
  9 goblins
  7 hobgoblins
  6 jackals
  A quokka (D:3)
  3 bats
  4 frilled lizards
  6 kobolds
  6 rats
55 creatures vanquished.

Notes
Turn   | Place    | Note
-------+----------+-------------------------------------------
     0 | D:1      | Esekla the Demonspawn Wanderer began the quest for the Orb.
     0 | D:1      | Esekla set off with the following items: a +2 falchion, 2
                  | potions of lignification, a +0 robe, a +0 dagger, a ration
     0 | D:1      | Reached XP level 1. HP: 19/19 MP: 1/1
   190 | D:1      | Gained mutation: You are surrounded by a mild repulsion
                  | field. (EV +2) [demonic ancestry]
   190 | D:1      | Reached XP level 2. HP: 23/25 MP: 2/2
   764 | D:1      | Reached XP level 3. HP: 30/30 MP: 3/3
  1185 | D:2      | Found an iron altar of Okawaru.
  1774 | D:2      | Gained mutation: You have a pair of small horns on your
                  | head. [demonic ancestry]
  1774 | D:2      | Reached XP level 4. HP: 25/38 MP: 4/4
  2110 | D:3      | Slain by a gnoll

Levels and vault maps discovered:
D:1:      minmay_arrival_wavy_path, layout_basic, minmay_tromino_i2
D:2:      layout_rooms, okawaru_gym_becter
D:3:      layout_rooms, nicolae_gozag_seed_capital, fedhas_altar_fruit_tree,
          serial_corexii_hall, corexii_hall_statues_u,
          chequers_hall_statues_wall_a, chequers_hall_statues_wall_a,
          glass_columns_b

Skill      XL: |  1  2  3 |
---------------+----------+-----
Stealth        | 3 |  3.3
Long Blades    | 2 |  2.6
Fighting       | |  4.3
Short Blades   | |  1.0
Dodging        | |  1.6

Action                   |  1- 3 |  4- 6 || total
-------------------------+-------+-------++-------
Melee: Falchion          |   128 |    24 ||   152
       Dagger            |     4 |       ||     4
       Headbutt          |       |     5 ||     5
 Stab: Sleeping          |     9 |     1 ||    10
  Eat: Chunk             |     2 |     1 ||     3
Armor: Robe              |    16 |     1 ||    17
Dodge: Dodged            |   103 |    15 ||   118
       Rpst.: Falchion   |    25 |     6 ||    31

Table legend:
 A = Non-vault XP
 B = Vault XP
 C = Vault XP percentage of total XP
 D = Non-vault monster count
 E = Vault monster count
 F = Vault count percentage of total count
                 A         B        C        D         E       F
            +---------+---------+-------+---------+---------+-------
      Total |     125 |       3 |   2.3 |      54 |       1 |   1.8
            +---------+---------+-------+---------+---------+-------
        D:1 |      56 |       3 |   5.1 |      27 |       1 |   3.6
        D:2 |      52 |       0 |   0.0 |      17 |       0 |   0.0
        D:3 |      17 |       0 |   0.0 |      10 |       0 |   0.0
            +---------+---------+-------+---------+---------+-------
